| TOP OF THE 1ST |
|
Dallas-Fort Worth Rangers batting - Pitching for El Paso Sun Kings : RHP Charlie Puleo
|
|
Pitching: RHP Charlie Puleo
|
|
|
Batting: RHB Phil Bradley
|
0-0: Ball 1-0: Ball 2-0: Ball 3-0: Called Strike 3-1: Base on Balls
|
|
Batting: LHB Stan Levi
|
0-0: Ball Phil Bradley is caught stealing 2nd base 2-6 1-0: Foul Ball, location: 2F 1-1: Fly out, F4 (Line Drive, 4, EV 77.5 MPH)
|
|
Batting: RHB Terry Lee
|
0-0: Ball 1-0: Ball 2-0: SINGLE (Groundball, 6MD, EV 106.9 MPH)
|
|
Batting: LHB Sid Bream
|
0-0: Called Strike 0-1: Ground out 2-3 (Groundball, 15S, EV 73.1 MPH)
|
| Top of the 1st over - 0 runs, 1 hit, 0 errors, 1 left on base; Dallas-Fort Worth 0 - El Paso 0 |
| BOTTOM OF THE 1ST |
|
El Paso Sun Kings batting - Pitching for Dallas-Fort Worth Rangers : RHP Roy J Thomas
|
|
Pitching: RHP Roy J Thomas
|
|
|
Batting: LHB Stanley Hendrickson
|
0-0: Called Strike 0-1: Called Strike 0-2: Ball 1-2: Strikes out swinging
|
|
Batting: RHB Dionisio DeJesus
|
0-0: Ground out 5-3 (Groundball, 5, EV 103.8 MPH)
|
|
Batting: LHB Franklin Lopez
|
0-0: Ground out U3 (Groundball, 3, EV 75.6 MPH)
|
| Bottom of the 1st over - 0 runs, 0 hits, 0 errors, 0 left on base; Dallas-Fort Worth 0 - El Paso 0 |
| TOP OF THE 2ND |
|
Dallas-Fort Worth Rangers batting - Pitching for El Paso Sun Kings : RHP Charlie Puleo
|
|
Batting: RHB Dave Aponte
|
0-0: Called Strike 0-1: Called Strike 0-2: Ground out 5-3 (Groundball, 56S, EV 81.3 MPH)
|
|
Batting: LHB Garcia Gutierrez
|
0-0: Ground out 1-3 (Groundball, 13S, EV 64.4 MPH)
|
|
Batting: RHB Steve Nicosia
|
0-0: Ball 1-0: Foul Ball, location: 2F 1-1: Swinging Strike 1-2: Strikes out swinging
|
| Top of the 2nd over - 0 runs, 0 hits, 0 errors, 0 left on base; Dallas-Fort Worth 0 - El Paso 0 |
| BOTTOM OF THE 2ND |
|
El Paso Sun Kings batting - Pitching for Dallas-Fort Worth Rangers : RHP Roy J Thomas
|
|
Batting: RHB Chuckie Canady
|
0-0: Foul Ball, location: 2F 0-1: Foul Ball, location: 2F 0-2: Strikes out looking
|
|
Batting: SHB Danny Torres
|
0-0: SINGLE (Line Drive, 78S, EV 102.5 MPH)
|
|
Batting: RHB Cecil Strawn
|
0-0: Swinging Strike 0-1: Called Strike 0-2: Ball Wild Pitch! Danny Torres to second 1-2: Ball 2-2: Ball 3-2: Strikes out swinging
|
|
Batting: RHB Mike Anicich
|
0-0: Called Strike 0-1: Foul Ball, location: 2F 0-2: Ball 1-2: Strikes out swinging
|
| Bottom of the 2nd over - 0 runs, 1 hit, 0 errors, 1 left on base; Dallas-Fort Worth 0 - El Paso 0 |
| TOP OF THE 3RD |
|
Dallas-Fort Worth Rangers batting - Pitching for El Paso Sun Kings : RHP Charlie Puleo
|
|
Batting: RHB Jesse Plummer
|
0-0: Ball 1-0: Swinging Strike 1-1: Foul Ball, location: 2F 1-2: Strikes out swinging
|
|
Batting: SHB Eski Viltz
|
0-0: Ball 1-0: Foul Ball, location: 2F 1-1: Ball 2-1: Ground out U3 (Groundball, 13, EV 88.8 MPH)
|
|
Batting: RHB Phil Bradley
|
0-0: Called Strike 0-1: Ball 1-1: Ball 2-1: Foul Ball, location: 2F 2-2: Strikes out swinging
|
| Top of the 3rd over - 0 runs, 0 hits, 0 errors, 0 left on base; Dallas-Fort Worth 0 - El Paso 0 |
| BOTTOM OF THE 3RD |
|
El Paso Sun Kings batting - Pitching for Dallas-Fort Worth Rangers : RHP Roy J Thomas
|
|
Batting: RHB Carlos Rios
|
0-0: Swinging Strike 0-1: Ball 1-1: Fly out, F7 (Flyball, 78S, EV 88.8 MPH)
|
|
Batting: RHB Lance Ediger
|
0-0: Ground out 4-3 (Groundball, 4, EV 82.5 MPH)
|
|
Batting: LHB Stanley Hendrickson
|
0-0: Ball 1-0: Called Strike 1-1: Ball 2-1: Foul Ball, location: 2F 2-2: Ground out 4-3 (Groundball, 4, EV 81.3 MPH)
|
| Bottom of the 3rd over - 0 runs, 0 hits, 0 errors, 0 left on base; Dallas-Fort Worth 0 - El Paso 0 |
| TOP OF THE 4TH |
|
Dallas-Fort Worth Rangers batting - Pitching for El Paso Sun Kings : RHP Charlie Puleo
|
|
Batting: LHB Stan Levi
|
0-0: Ball 1-0: SINGLE (Groundball, 25, EV 75.6 MPH) (infield hit)
|
|
Batting: RHB Terry Lee
|
0-0: Ball 1-0: Ball 2-0: Swinging Strike 2-1: Foul Ball, location: 2F 2-2: Ball 3-2: Strikes out swinging
|
|
Batting: LHB Sid Bream
|
0-0: Swinging Strike 0-1: Reached on error, E7 (Line Drive, 7, EV 101.3 MPH) Stan Levi to third
|
|
Batting: RHB Dave Aponte
|
0-0: Ball 1-0: Ball 2-0: Foul Ball, location: 2F 2-1: SINGLE (Groundball, P, EV 80.0 MPH) (infield hit) Stan Levi scores Sid Bream to third
|
|
Batting: LHB Garcia Gutierrez
|
0-0: Swinging Strike 0-1: Ball 1-1: Called Strike 1-2: Ball 2-2: Ball 3-2: Strikes out swinging
|
|
Batting: RHB Steve Nicosia
|
0-0: Swinging Strike 0-1: Ball 1-1: Foul Ball, location: 2F 1-2: SINGLE (Line Drive, 34D, EV 104.4 MPH) Sid Bream scores Dave Aponte to second
|
|
Batting: RHB Jesse Plummer
|
0-0: Fly out, F8 (Flyball, 78D, EV 107.5 MPH)
|
| Top of the 4th over - 2 runs, 3 hits, 1 error, 2 left on base; Dallas-Fort Worth 2 - El Paso 0 |
| BOTTOM OF THE 4TH |
|
El Paso Sun Kings batting - Pitching for Dallas-Fort Worth Rangers : RHP Roy J Thomas
|
|
Batting: RHB Dionisio DeJesus
|
0-0: Foul Ball, location: 2F 0-1: Called Strike 0-2: Strikes out swinging
|
|
Batting: LHB Franklin Lopez
|
0-0: Ground out 5-3 (Groundball, 5D, EV 76.3 MPH)
|
|
Batting: RHB Chuckie Canady
|
0-0: Ball 1-0: Ground out 6-3 (Groundball, 56, EV 105.0 MPH)
|
| Bottom of the 4th over - 0 runs, 0 hits, 0 errors, 0 left on base; Dallas-Fort Worth 2 - El Paso 0 |
| TOP OF THE 5TH |
|
Dallas-Fort Worth Rangers batting - Pitching for El Paso Sun Kings : RHP Charlie Puleo
|
|
Batting: SHB Eski Viltz
|
0-0: Fly out, F8 (Flyball, 8LD, EV 85.0 MPH)
|
|
Batting: RHB Phil Bradley
|
0-0: Called Strike 0-1: Foul Ball, location: 2F 0-2: Ground out 5-3 (Groundball, 56, EV 86.9 MPH)
|
|
Batting: LHB Stan Levi
|
0-0: Ball 1-0: Ball 2-0: Ball 3-0: Base on Balls
|
|
Batting: RHB Terry Lee
|
0-0: Ball 1-0: Called Strike 1-1: Ball 2-1: SINGLE (Groundball, 6MD, EV 101.3 MPH) Stan Levi to second Runner from 2nd tries for 3rd, SAFE, no throw by CF
|
|
Batting: LHB Sid Bream
|
0-0: Fly out, F3 (Popup, 3S, EV 84.4 MPH)
|
| Top of the 5th over - 0 runs, 1 hit, 0 errors, 2 left on base; Dallas-Fort Worth 2 - El Paso 0 |
| BOTTOM OF THE 5TH |
|
El Paso Sun Kings batting - Pitching for Dallas-Fort Worth Rangers : RHP Roy J Thomas
|
|
Batting: SHB Danny Torres
|
0-0: Ball 1-0: Ground out 4-3 (Groundball, 4, EV 87.5 MPH)
|
|
Batting: RHB Cecil Strawn
|
0-0: Ball 1-0: Called Strike 1-1: Ground out 6-3 (Groundball, 6, EV 101.3 MPH)
|
|
Batting: RHB Mike Anicich
|
0-0: Ball 1-0: Called Strike 1-1: Called Strike 1-2: Fly out, F9 (Flyball, 9LS, EV 90.0 MPH)
|
| Bottom of the 5th over - 0 runs, 0 hits, 0 errors, 0 left on base; Dallas-Fort Worth 2 - El Paso 0 |
| TOP OF THE 6TH |
|
Dallas-Fort Worth Rangers batting - Pitching for El Paso Sun Kings : RHP Charlie Puleo
|
|
Batting: RHB Dave Aponte
|
0-0: DOUBLE (Line Drive, 3D, EV 111.9 MPH)
|
|
Batting: LHB Garcia Gutierrez
|
0-0: Intentional Walk
|
|
Batting: RHB Steve Nicosia
|
0-0: Reached on error, E6 (Groundball, 6, EV 80.0 MPH) Dave Aponte to third Garcia Gutierrez to second
|
|
Batting: RHB Jesse Plummer
|
0-0: Foul Ball, location: 2F 0-1: Ball 1-1: Swinging Strike 1-2: Foul Ball, location: 2F 1-2: Ball 2-2: Ball 3-2: Grounds into fielders choice 4-2 (Groundball, 34, EV 83.1 MPH) Garcia Gutierrez to third Steve Nicosia to second
|
|
Batting: SHB Eski Viltz
|
0-0: Called Strike 0-1: Called Strike 0-2: Ball 1-2: Fly out, F9 (Flyball, 89S, EV 72.5 MPH)
|
|
Batting: RHB Phil Bradley
|
0-0: Fielders Choice at 2nd, 5-4 (Groundball, 56, EV 105.0 MPH)
|
| Top of the 6th over - 0 runs, 1 hit, 1 error, 3 left on base; Dallas-Fort Worth 2 - El Paso 0 |
| BOTTOM OF THE 6TH |
|
El Paso Sun Kings batting - Pitching for Dallas-Fort Worth Rangers : RHP Roy J Thomas
|
|
Batting: RHB Carlos Rios
|
0-0: Ball 1-0: Fly out, F7 (Flyball, 7D, EV 100.0 MPH)
|
|
Batting: RHB Lance Ediger
|
0-0: Fly out, F8 (Flyball, 8RD, EV 97.5 MPH)
|
|
Batting: LHB Stanley Hendrickson
|
0-0: Ball 1-0: Ball 2-0: Ball 3-0: Called Strike 3-1: Base on Balls
|
|
Batting: RHB Dionisio DeJesus
|
0-0: 2-RUN HOME RUN (Line Drive, 7D, EV 98.1 MPH), Distance : 382 ft
|
|
Batting: LHB Franklin Lopez
|
0-0: Ball 1-0: Fly out, F6 (Popup, 6M, EV 58.1 MPH)
|
| Bottom of the 6th over - 2 runs, 1 hit, 0 errors, 0 left on base; Dallas-Fort Worth 2 - El Paso 2 |
| TOP OF THE 7TH |
|
Dallas-Fort Worth Rangers batting - Pitching for El Paso Sun Kings : RHP Charlie Puleo
|
|
Batting: LHB Stan Levi
|
0-0: Ball 1-0: Ball 2-0: Ball 3-0: Base on Balls
|
|
Batting: RHB Terry Lee
|
0-0: Called Strike 0-1: Ball Passed Ball! Stan Levi to second 1-1: Ball 2-1: Ball 3-1: Foul Ball, location: 2F 3-2: Foul Ball, location: 2F 3-2: Foul Ball, location: 2F 3-2: Base on Balls
|
|
Batting: LHB Sid Bream
|
0-0: Fly out, F4 (Line Drive, 4, EV 69.4 MPH)
|
|
Batting: RHB Dave Aponte
|
0-0: Ball 1-0: Foul Ball, location: 2F 1-1: Swinging Strike 1-2: Fly out, F7 (Flyball, 78S, EV 93.1 MPH)
|
|
Batting: LHB Garcia Gutierrez
|
0-0: Called Strike 0-1: Ball 1-1: Ball 2-1: Foul Ball, location: 2F 2-2: Ball 3-2: Foul Ball, location: 2F 3-2: Base on Balls Stan Levi to third Terry Lee to second
|
|
Batting: RHB Steve Nicosia
|
0-0: Ball 1-0: Fielders Choice at 2nd, 6-4 (Groundball, 56, EV 78.8 MPH)
|
| Top of the 7th over - 0 runs, 0 hits, 0 errors, 3 left on base; Dallas-Fort Worth 2 - El Paso 2 |
| BOTTOM OF THE 7TH |
|
El Paso Sun Kings batting - Pitching for Dallas-Fort Worth Rangers : RHP Roy J Thomas
|
|
Batting: RHB Chuckie Canady
|
0-0: Foul Ball, location: 2F 0-1: Ball 1-1: Ground out 2-3 (Groundball, 15S, EV 69.4 MPH)
|
|
Batting: SHB Danny Torres
|
0-0: Called Strike 0-1: Ball 1-1: Foul Ball, location: 2F 1-2: Ball 2-2: Foul Ball, location: 2F 2-2: Ball 3-2: Fly out, F6 (Popup, P, EV 86.9 MPH)
|
|
Batting: RHB Cecil Strawn
|
0-0: Ball 1-0: Foul Ball, location: 2F 1-1: Fly out, F9 (Line Drive, 9, EV 88.8 MPH)
|
| Bottom of the 7th over - 0 runs, 0 hits, 0 errors, 0 left on base; Dallas-Fort Worth 2 - El Paso 2 |
| TOP OF THE 8TH |
|
Dallas-Fort Worth Rangers batting - Pitching for El Paso Sun Kings : RHP Charlie Puleo
|
|
Batting: RHB Jesse Plummer
|
0-0: Called Strike 0-1: SINGLE (Line Drive, 7S, EV 88.8 MPH)
|
|
Batting: SHB Eski Viltz
|
0-0: Bunted foul 0-1: Ball 1-1: Sac Bunt to 5S - play at first, batter OUT! 5-4 Jesse Plummer to second
|
|
Batting: RHB Phil Bradley
|
0-0: Called Strike 0-1: SINGLE (Line Drive, 4D, EV 97.5 MPH) Jesse Plummer to third Runner from 3rd tries for Home, SAFE, throw by CF to home
|
|
Batting: LHB Stan Levi
|
0-0: Ball 1-0: Fielders Choice at 2nd, 6-4 (Groundball, 6, EV 96.3 MPH)
|
|
Batting: RHB Terry Lee
|
0-0: Called Strike 0-1: Ball 1-1: Called Strike 1-2: Foul Ball, location: 2F 1-2: Ball Stan Levi steals 2nd base 2-2: Foul Ball, location: 2F 2-2: Strikes out swinging
|
| Top of the 8th over - 1 run, 2 hits, 0 errors, 1 left on base; Dallas-Fort Worth 3 - El Paso 2 |
| BOTTOM OF THE 8TH |
|
El Paso Sun Kings batting - Pitching for Dallas-Fort Worth Rangers : RHP Roy J Thomas
|
|
Batting: RHB Mike Anicich
|
0-0: Ball 1-0: Ball 2-0: Called Strike 2-1: Called Strike 2-2: Strikes out swinging
|
|
Batting: RHB Carlos Rios
|
0-0: Ball 1-0: Fly out, F7 (Flyball, 78D, EV 105.0 MPH)
|
|
Batting: RHB Lance Ediger
|
0-0: SINGLE (Groundball, 56D, EV 104.4 MPH)
|
|
Batting: LHB Stanley Hendrickson
|
0-0: Ball 1-0: Swinging Strike 1-1: Ball 2-1: Ball 3-1: Foul Ball, location: 2F 3-2: Base on Balls Lance Ediger to second
|
|
Batting: RHB Dionisio DeJesus
|
0-0: Foul Ball, location: 2F 0-1: Ball 1-1: Swinging Strike 1-2: Foul Ball, location: 2F 1-2: SINGLE (Groundball, 6MD, EV 101.9 MPH) Lance Ediger to third Stanley Hendrickson to second Runner from 3rd tries for Home, SAFE, throw by CF to home
|
|
Batting: LHB Franklin Lopez
|
0-0: Ball 1-0: Called Strike 1-1: Swinging Strike 1-2: Foul Ball, location: 2F 1-2: Ball 2-2: Strikes out looking
|
| Bottom of the 8th over - 1 run, 2 hits, 0 errors, 2 left on base; Dallas-Fort Worth 3 - El Paso 3 |
| TOP OF THE 9TH |
|
Dallas-Fort Worth Rangers batting - Pitching for El Paso Sun Kings : RHP Charlie Puleo
|
|
Pitching: RHP Dave Shipanoff
|
|
|
Batting: LHB Sid Bream
|
0-0: Called Strike 0-1: Ball 1-1: Ball 2-1: Foul Ball, location: 2F 2-2: Foul Ball, location: 2F 2-2: Fly out, F7 (Flyball, 7LS, EV 73.1 MPH)
|
|
Batting: RHB Dave Aponte
|
0-0: Ball 1-0: SOLO HOME RUN (Flyball, 7D, EV 95.0 MPH), Distance : 388 ft
|
|
Batting: LHB Garcia Gutierrez
|
0-0: Called Strike 0-1: Swinging Strike 0-2: Ground out 4-3 (Groundball, 4, EV 88.8 MPH)
|
|
Batting: RHB Steve Nicosia
|
0-0: Called Strike 0-1: Called Strike 0-2: Ball 1-2: Fly out, F8 (Flyball, 78S, EV 96.3 MPH)
|
| Top of the 9th over - 1 run, 1 hit, 0 errors, 0 left on base; Dallas-Fort Worth 4 - El Paso 3 |
| BOTTOM OF THE 9TH |
|
El Paso Sun Kings batting - Pitching for Dallas-Fort Worth Rangers : RHP Roy J Thomas
|
|
Pitching: RHP Luis Cardenas
|
|
|
Batting: RHB Chuckie Canady
|
0-0: Ball 1-0: Foul Ball, location: 2F 1-1: Ball 2-1: Foul Ball, location: 2F 2-2: Foul Ball, location: 2F 2-2: Strikes out swinging
|
|
Batting: SHB Danny Torres
|
0-0: Foul Ball, location: 2F 0-1: Ball 1-1: Ball 2-1: Called Strike 2-2: Foul Ball, location: 2F 2-2: Foul Ball, location: 2F 2-2: Ball 3-2: Foul Ball, location: 2F 3-2: Foul Ball, location: 2F 3-2: Foul Ball, location: 2F 3-2: Strikes out swinging
|
|
Pinch Hitting: SHB Keith Thrower
|
0-0: Foul Ball, location: 2F 0-1: Ball 1-1: Ball 2-1: Ground out 6-3 (Groundball, 6, EV 96.9 MPH)
|
| Bottom of the 9th over - 0 runs, 0 hits, 0 errors, 0 left on base; Dallas-Fort Worth 4 - El Paso 3 |
|